 Dungeon Crawl Stone Soup version 0.31.0-32-g396128a36d (webtiles) character file.

Game seed: 8133637795909495771

3182 PaiMei the Merchant of Misery (level 9, -9/71 HPs)
             Began as a Demonspawn Necromancer on Apr 17, 2024.
             Was a Believer of Kikubaaqudgha.
             Mangled by a two-headed ogre
             ... wielding a +0 giant club
              (27 damage)
             ... on level 8 of the Dungeon.
             The game lasted 00:11:51 (8662 turns).

PaiMei the Merchant of Misery (DsNe)                Turns: 8662, Time: 00:11:52

Health: -9/71      AC: 14    Str:  8    XL:     9   Next: 64%
Magic:  15/27      EV: 12    Int: 20    God:    Kikubaaqudgha [**....]
Gold:   401        SH:  0    Dex: 14    Spells: 13/21 levels left

rFire   . . .        i - +0 flail (drain)
rCold   . . .        (no shield)
rNeg    . . .        n - +4 ring mail
rPois   .            m - +0 helmet
rElec   .            (cloak unavailable)
rCorr   .            (no gloves)
SInv    .            (no boots)
Will    .....        (no amulet)
Stlth   +            a - ring of magical power
HPRegen 0.31/turn    f - +4 ring of protection
MPRegen 0.20/turn

%: no passive effects
@: no status effects
A: foul stench 1, spiny 2, weakness stinger 3
a: Renounce Religion, Unearth Wretches


You were on level 8 of the Dungeon.
You worshipped Kikubaaqudgha.
Kikubaaqudgha was pleased with you.
You visited 2 branches of the dungeon, and saw 9 of its levels.
You also visited: Ossuary.

You collected 401 gold pieces.

Inventory:

Hand Weapons
 i - a +0 flail of draining (weapon)
 y - a +1 heavy hand axe
 F - a +2 heavy long sword
 G - a +2 trident of draining
Missiles
 g - 6 javelins
 h - 7 poisoned darts
 B - 2 throwing nets
Armour
 m - a +0 helmet (worn)
 n - a +4 ring mail (worn)
 H - an orb of energy
Jewellery
 a - a ring of magical power (left hand)
 f - a +4 ring of protection (right hand)
 I - a ring of magical power
Wands
 o - a wand of roots (17)
 K - a wand of charming (5)
Scrolls
 d - 2 scrolls of fog {unknown}
 j - 3 scrolls of identify {unknown}
 l - 2 scrolls of enchant weapon {unknown}
 p - 3 scrolls of fear {unknown}
 x - 4 scrolls of immolation {unknown}
 z - 2 scrolls of teleportation {unknown}
 A - a scroll of acquirement {unknown}
 D - 2 scrolls of revelation {unknown}
 E - 2 scrolls of enchant armour {unknown}
 J - a scroll of butterflies {unknown}
 L - a scroll of poison {unknown}
Potions
 b - 2 potions of magic
 c - a potion of enlightenment {unknown}
 e - 4 potions of curing {unknown}
 k - 4 potions of brilliance {unknown}
 q - 4 potions of degeneration {unknown}
 r - 2 potions of lignification {unknown}
 s - a potion of cancellation {unknown}
 t - 2 potions of ambrosia {unknown}
 u - 2 potions of haste {unknown}
 v - a potion of heal wounds {unknown}
 w - 3 potions of attraction {unknown}
 C - a potion of might {unknown}


   Skills:
 + Level 6.6 Fighting
 + Level 6.4 Dodging
 - Level 2.0 Stealth
 + Level 6.5 Spellcasting
 + Level 8.7 Necromancy


You had 13 spell levels left.
You knew the following spells:

 Your Spells              Type           Power      Damage    Failure   Level
a - Necrotise             Necr           100%       1d9       1%          1
b - Vampiric Draining     Necr           41%        2d8       2%          3
c - Animate Dead          Necr           41%        N/A       9%          4

Your spell library contained the following spells:

 Spells                   Type           Power      Damage    Failure   Level
 Sublimation of Blood     Necr           41%        N/A       1%          2
 Fugue of the Fallen      Necr           41%        N/A       2%          3
 Kiss of Death            Conj/Necr      92%        2d12      5%          1
 Dispel Undead            Necr           41%        3d16      9%          4
 Curse of Agony           Necr           41%        N/A       24%         5
 Magic Dart               Conj           24%        1d4       30%         1
 Lesser Beckoning         Tloc           12%        N/A       43%         2
 Searing Ray              Conj           12%        2d4       43%         2
 Martyr's Knell           Necr/Summ      23%        N/A       45%         4
 Confusing Touch          Hex            6%         N/A       67%         3
 Gell's Gravitas          Tloc           6%         N/A       67%         3
 Ozocubu's Armour         Ice            6%         N/A       67%         3
 Teleport Other           Tloc           6%         N/A       67%         3
 Fulminant Prism          Conj/Alch      3%         3d5       97%         4
 Manifold Assault         Tloc           6%         N/A       97%         4
 Petrify                  Alch/Erth      6%         N/A       97%         4
 Irradiate                Conj/Alch      3%         3d12      100%        5


Dungeon Overview and Level Annotations

Branches:
Dungeon (8/15)             Temple (1/1) D:4         Ossuary (visited)
   Lair: D:8-11

Altars:
Ashenzari
Cheibriados
Dithmenos
Fedhas
Gozag
Hepliaklqana
Kikubaaqudgha
Makhleb
Nemelex Xobeh
Okawaru
Qazlal
Ru
Sif Muna
Trog
Uskayaw
Vehumet
Wu Jian
Xom
Yredelemnul

Annotations:
D:3 3 runed translucent doors, booth's ghost, amateur DsGl


Innate Abilities, Weirdness & Mutations

You may rarely emit foul miasma when damaged in melee.
You are mostly covered in sharp spines.
You have a sharp stinger which inflicts weakening toxins.


Message History

Casting: Necrotise (safe; 1% risk of failure)
Confirm with . or Enter, or press ? or * to list all spells.
You don't know that spell.
Casting: Necrotise (safe; 1% risk of failure)
Confirm with . or Enter, or press ? or * to list all spells.
Aiming: Vampiric Draining (mildly dangerous; 2% risk of failure)
Press: ? - help, Shift-Dir - straight line, f - two-headed ogre
Aim: a two-headed ogre, wielding a +0 giant club and a +0 giant spiked club You draw life force from the two-headed ogre!
The gnoll shouts!
The two-headed ogre hits you with a +0 giant club!!
The two-headed ogre hits you with a +0 giant spiked club.
Casting: Vampiric Draining (mildly dangerous; 2% risk of failure)
Confirm with . or Enter, or press ? or * to list all spells.
Aiming: Vampiric Draining (mildly dangerous; 2% risk of failure)
Press: ? - help, Shift-Dir - straight line, f/p - two-headed ogre
Aim: a two-headed ogre, wielding a +0 giant club and a +0 giant spiked club (lightly wounded)
You draw life force from the two-headed ogre!
You feel life coursing into your body.
Casting: Vampiric Draining (mildly dangerous; 2% risk of failure)
Confirm with . or Enter, or press ? or * to list all spells.
Aiming: Vampiric Draining (mildly dangerous; 2% risk of failure)
Press: ? - help, Shift-Dir - straight line, f/p - two-headed ogre
Aim: a two-headed ogre, wielding a +0 giant club and a +0 giant spiked club (moderately wounded)
You draw life force from the two-headed ogre.
You feel life coursing into your body.
The two-headed ogre is struck by your spines.
The two-headed ogre hits you with a +0 giant club!!
* * * LOW HITPOINT WARNING * * *
The two-headed ogre barely misses you.
Casting: Vampiric Draining (mildly dangerous; 2% risk of failure)
Confirm with . or Enter, or press ? or * to list all spells.
Aiming: Vampiric Draining (mildly dangerous; 2% risk of failure)
Press: ? - help, Shift-Dir - straight line, f/p - two-headed ogre
Aim: a two-headed ogre, wielding a +0 giant club and a +0 giant spiked club (heavily wounded)
You draw life force from the two-headed ogre.
You feel life coursing into your body.
The two-headed ogre hits you with a +0 giant club!!
You die...
Kikubaaqudgha rasps: "You have failed me!
Welcome... death!"

##.#### #. #.
#.)...# #.# #.
#.....# #..##.
#.....#
##..#.####.....#
#..............#
#..............#
#...#...#.....#
###....@#.....#
#.....O.)...#
#..#)##.....#
####)#####..#
#.# #.... #.#
##... #.##
####.## #..#
##..# ##.###...#


You could see a two-headed ogre.

Vanquished Creatures
  Jeremiah (D:6)
  A hornet (D:7)
  Prince Ribbit (D:7)
  A steam dragon (D:6)
  An orc warrior (D:8)
  A sky beast (D:6)
  3 ogres (D:5)
  2 centaurs
  A phantom (D:5)
  A weeping skull (Ossuary)
  2 bullfrogs
  A gnoll sergeant (D:6)
  A scorpion (D:5)
  6 water moccasin zombies (Ossuary)
  A howler monkey (D:5)
  2 bombardier beetles (D:3)
  2 jellies
  6 hounds
  5 orc priests
  A gnoll bouda (D:4)
  A spectral scorpion (Ossuary)
  A sleepcap (D:6)
  5 orc wizards
  An iguana (D:5)
  2 crocodile zombies (Ossuary)
  2 mummies (Ossuary)
  7 adders
  8 gnolls
  A shadow imp (D:5)
  A white imp (D:6)
  2 adder zombies (Ossuary)
  2 dart slugs
  27 orcs
  A ball python (D:3)
  5 bats
  5 endoplasms
  6 giant cockroaches
  6 goblins
  5 hobgoblins
  4 jackals (D:4)
  4 quokkas
  8 gnoll zombies (Ossuary)
  3 jackal zombies (Ossuary)
  3 kobolds
  4 orc zombies (Ossuary)
  7 rats
161 creatures vanquished.

Vanquished Creatures (others)
  A ball python (D:1)
1 creature vanquished.

Grand Total: 162 creatures vanquished

Notes
Turn   | Place    | Note
-------+----------+-------------------------------------------
     0 | D:1      | PaiMei the Demonspawn Necromancer began the quest for the
                  | Orb.
     0 | D:1      | Reached XP level 1. HP: 13/13 MP: 3/3
   277 | D:1      | Gained mutation: You may rarely emit foul miasma when
                  | damaged in melee. [demonic ancestry]
   277 | D:1      | Reached XP level 2. HP: 19/19 MP: 1/5
  1232 | D:2      | Reached XP level 3. HP: 25/25 MP: 4/6
  1236 | D:2      | Learned a level 3 spell: Vampiric Draining
  1353 | D:2      | Reached skill level 1 in Fighting
  1687 | D:2      | Gained mutation: You are partially covered in sharp spines.
                  | [demonic ancestry]
  1687 | D:2      | Reached XP level 4. HP: 21/32 MP: 0/7
  2423 | D:3      | Reached skill level 5 in Necromancy
  2695 | D:3      | Found a runed translucent gate.
  2696 | D:3      | Found a runed translucent gate.
  2724 | D:3      | Found a runed translucent gate.
  2725 | D:3      | Noticed booth's ghost (amateur DsGl)
  2745 | D:3      | Reached XP level 5. HP: 38/38 MP: 5/9
  3298 | D:4      | Found a sand-covered staircase.
  3303 | Ossuary  | Entered an ossuary
  3484 | Ossuary  | Gained mutation: You have a small tail. [demonic ancestry]
  3484 | Ossuary  | Reached XP level 6. HP: 33/46 MP: 9/11
  3694 | Ossuary  | Reached skill level 6 in Necromancy
  3694 | Ossuary  | Gained mutation: You have a tail ending in a sharp stinger.
                  | [demonic ancestry]
  3694 | Ossuary  | Reached XP level 7. HP: 39/52 MP: 12/12
  4015 | D:4      | Found a staircase to the Ecumenical Temple.
  4071 | Temple   | Entered the Ecumenical Temple
  4080 | Temple   | Became a worshipper of Kikubaaqudgha
  5039 | D:5      | Entered Level 5 of the Dungeon
  5680 | D:5      | Gained mutation: You have a sharp stinger which inflicts
                  | weakening toxins. [demonic ancestry]
  5680 | D:5      | Reached XP level 8. HP: 54/61 MP: 7/15
  6013 | D:5      | Reached skill level 7 in Necromancy
  6086 | D:5      | Found a radiant altar of Vehumet.
  6364 | D:5      | Learned a level 4 spell: Animate Dead
  6373 | D:6      | Reached skill level 5 in Spellcasting
  6404 | D:6      | Reached * piety under Kikubaaqudgha
  6404 | D:6      | Received a gift from Kikubaaqudgha
  6548 | D:6      | Reached skill level 5 in Dodging
  6700 | D:6      | Reached skill level 5 in Fighting
  7013 | D:6      | Noticed Jeremiah
  7032 | D:6      | Killed Jeremiah
  7039 | D:6      | Gained mutation: You are mostly covered in sharp spines.
                  | [demonic ancestry]
  7039 | D:6      | Reached XP level 9. HP: 48/68 MP: 15/17
  7273 | D:6      | Reached skill level 8 in Necromancy
  7970 | D:7      | Found a sacrificial altar of Ru.
  8122 | D:7      | Noticed Prince Ribbit
  8135 | D:7      | Killed Prince Ribbit
  8599 | D:8      | Reached ** piety under Kikubaaqudgha
  8651 | D:8      | Noticed a two-headed ogre
  8662 | D:8      | Mangled by a two-headed ogre

Illustrated notes

Levels and vault maps discovered:
D:1:      elethiomel_arrival_shortcut, layout_basic, kennysheep_minor_cross,
          chequers_big_river, minmay_tromino_v4_a
D:2:      cheibrodos_pilgrimage, layout_loops_ring
D:3:      layout_basic, gammafunk_ghost_necromancy, minmay_misc_feat_rows
D:4:      layout_loops_ring, minmay_temple_entry_stoned_glass, enter_ossuary_5
D:5:      layout_basic, fiery_altar_vehumet
D:6:      layout_cave_pools, tso_metal_star, nicolae_figureground_sparkle,
          uniq_jeremiah
D:7:      layout_loops_ring, nicolae_ru_great_annihilating_truth,
          uniq_prince_ribbit1
D:8:      minmay_recursive_quarters, layout_rooms, uniq_maggie
Temple:   nicolae_temple_bog_church

Skill      XL: |  1  2  3  4  5  6  7  8  9 |
---------------+----------------------------+-----
Stealth        | 2 |  2.0
Dodging        | 2 3 4 5 6 |  6.4
Fighting       | 1 2 3 4 5 6 |  6.6
Necromancy     | 5 6 7 8 |  8.7
Spellcasting   | 3 4 5 6 |  6.5

Action                     |  1- 3 |  4- 6 |  7- 9 || total
---------------------------+-------+-------+-------++-------
  Melee: Unarmed           |     2 |       |       ||     2
         War axe           |     4 |       |       ||     4
         Flail             |     2 |   100 |    78 ||   180
         Tailslap          |       |     8 |    25 ||    33
         Punch             |       |     2 |       ||     2
   Cast: Necrotise         |    51 |    29 |    84 ||   164
         Vampiric Draining |     2 |     3 |    72 ||    77
   Stab: Sleeping          |       |     1 |       ||     1
         Distracted        |       |       |     2 ||     2
 Armour: Robe              |    17 |     8 |       ||    25
         Ring mail         |       |    80 |   137 ||   217
  Dodge: Dodged            |    15 |    46 |    90 ||   151
